 Dungeon Crawl Stone Soup version 0.30-a0-29-g142975f185 (console) character file.

Game seed: 5546633164602549535

35 jejorda2 the Grave Robber (level 3, 0/29 HPs)
             Began as a Hill Orc Necromancer on Aug 26, 2022.
             Shot with a sling bullet by a goblin (6 damage)
             ... led by Robin
             ... on level 2 of the Dungeon.
             The game lasted 00:04:52 (1478 turns).

jejorda2 the Grave Robber (Hill Orc Necromancer)    Turns: 1478, Time: 00:04:53

Health: 0/29       AC:  2    Str: 12    XL:     3   Next: 35%
Magic:  3/6        EV: 16    Int: 15    God:
Gold:   79         SH:  0    Dex: 11    Spells: 2/6 levels left

rFire   . . .      SeeInvis .    a - +1 whip (holy)
rCold   . . .      Faith    .    (no shield)
rNeg    . . .      Spirit   .    d - +0 robe
rPois   .          Reflect  .    (no helmet)
rElec   .          Harm     .    (no cloak)
rCorr   .          Rampage  .    (no gloves)
Will    .....                    (no boots)
Stlth   ++........               (no amulet)
HPRegen 0.09/turn                l - +4 ring of evasion
MPRegen 0.10/turn                (no ring)

@: very slightly contaminated
A: no striking features
a: no special abilities


You were on level 2 of the Dungeon.
You visited 1 branch of the dungeon, and saw 2 of its levels.

You collected 79 gold pieces.

Inventory:

Hand Weapons
 a - a +1 whip of holy wrath (weapon)
 n - a +0 whip
Missiles
 i - 6 stones
Armour
 d - a +0 robe (worn)
 m - a +0 ring mail
Jewellery
 l - a +4 ring of evasion (left hand)
Scrolls
 c - a scroll of identify {unknown}
 f - 2 scrolls of teleportation {unknown}
 j - a scroll of enchant weapon {unknown}
 p - a scroll of enchant armour {unknown}
Potions
 b - a potion of magic
 e - a potion of haste {unknown}
 g - a potion of attraction {unknown}
 h - a potion of heal wounds {unknown}
 k - 2 potions of brilliance {unknown}
 o - a potion of lignification {unknown}


   Skills:
 + Level 1.7 Fighting
 + Level 1.6 Armour
 - Level 1.5 Dodging
 - Level 1.5 Stealth
 + Level 2.1 Spellcasting
 - Level 4.0 Necromancy


You had 2 spell levels left.
You knew the following spells:

 Your Spells              Type           Power      Damage    Failure   Level
a - Necrotise             Necr           52%        1d6       4%          1
b - Vampiric Draining     Necr           13%        2d6       13%         3

Your spell library contained the following spells:

 Spells                   Type           Power      Damage    Failure   Level
 Animate Dead             Necr           13%        N/A       38%         4
 Agony                    Necr           13%        N/A       75%         5
 Hailstorm                Conj/Ice       1%         3d3       91%         4
 Ice Form                 Ice/Tmut       1%         N/A       91%         4
 Simulacrum               Ice/Necr       3%         N/A       100%        6


Dungeon Overview and Level Annotations

Branches:
Dungeon (2/15)

Altars:

Annotations:
D:2 Robin


Message History

The goblin shouts!
A goblin comes into view. It is wielding a +0 dagger.
A hobgoblin comes into view.
The goblin hits you with a +3 dagger! The goblin barely misses you.
Casting: Necrotise (safe; 4% risk of failure)
Confirm with . or Enter, or press ? or * to list all spells.
Aiming: Necrotise (safe; 4% risk of failure)
Press: ? - help, Shift-Dir - straight line, f/p - goblin
Aim: a goblin, wielding a +3 dagger (strong, chance to affect: 83%)
The goblin writhes in agony.
The hobgoblin shouts!
You hear a shout!
The goblin barely misses you.
A hobgoblin comes into view.
The goblin hits you with a +0 club.
Your goblin skeleton hits the goblin.
You hit the goblin.
The goblin is severely wounded.
The goblin closely misses you. The goblin barely misses you.
You closely miss the goblin.
The goblin is severely wounded.
Your goblin skeleton crumbles into dust!
The goblin hits you with a +0 club. The goblin misses you.
You barely miss the goblin.
The goblin is severely wounded.
The goblin closely misses you. The goblin misses you.
Casting: Necrotise (safe; 4% risk of failure)
Confirm with . or Enter, or press ? or * to list all spells.
Aiming: Necrotise (safe; 4% risk of failure)
Press: ? - help, Shift-Dir - straight line, f - goblin, p - goblin
Aim: a goblin, wielding a +0 club (severely wounded, strong, chance to affect: 83%)
The goblin writhes in agony.
You kill the goblin!
The dead are walking!
A hobgoblin comes into view.
The goblin hits you with a +3 dagger.
* * * LOW HITPOINT WARNING * * *
You hit the goblin.
You kill the goblin!
The goblin unwields a +0 club.
The goblin wields a +0 sling.
The goblin shoots a sling bullet.
The sling bullet hits you.
You die...

### ..# #.# #.# #Z#
#.# ##### #)#
#...gg########)#
...ggg)@Z......#
.g.###########.#######
#.......# #.#####.###
#.#........
#.#.###.### #.#.###.#
#.#.....###
#.#........


You could see 4 hobgoblins, 2 goblins and a friendly goblin skeleton.

Vanquished Creatures
  A dart slug (D:1)
  5 endoplasms
  4 giant cockroaches
  6 goblins
  2 hobgoblins (D:1)
  3 kobolds (D:1)
  A quokka (D:1)
  A ball python (D:1)
  3 bats (D:1)
  A frilled lizard (D:1)
  2 rats (D:1)
29 creatures vanquished.

Notes
Turn   | Place    | Note
-------+----------+-------------------------------------------
     0 | D:1      | jejorda2 the Hill Orc Necromancer began the quest for the
                  | Orb.
     0 | D:1      | Reached XP level 1. HP: 14/14 MP: 3/3
   225 | D:1      | Reached XP level 2. HP: 22/22 MP: 1/4
   231 | D:1      | Reached skill level 1 in Fighting
   376 | D:1      | Reached skill level 1 in Armour
   908 | D:1      | Reached XP level 3. HP: 28/28 MP: 3/6
  1400 | D:2      | Learned a level 3 spell: Vampiric Draining
  1468 | D:2      | Noticed Robin
  1478 | D:2      | Shot with a sling bullet by a goblin

Illustrated notes

Levels and vault maps discovered:
D:1:      dpeg_chamrin_arrival_tetris, layout_basic, minmay_misc_feat_tower
D:2:      layout_basic, uniq_robin, uniq_jessica

Skill      XL: |  1  2 |
---------------+-------+-----
Fighting       | 1 |  1.7
Armour         | 1 |  1.6
Spellcasting   | 2 |  2.1
Dodging        | |  1.5
Stealth        | |  1.5
Necromancy     | |  4.0

Action                   || total
-------------------------++-------
Melee: Whip              ||    46
 Cast: Necrotise         ||    39
Armor: Robe              ||     4
Dodge: Dodged            ||    35

Table legend: (Time is in decaauts)
 A = Elapsed time spent in this place.
 B = Non-inter-level travel time spent in this place.
 C = Inter-level travel time spent in this place.
 D = Time resting spent in this place.
 E = Time spent auto-exploring this place.
 F = Levels seen in this place.
 G = Mean time per level.
                   A        B        C        D        E       F      G
               +--------+--------+--------+--------+--------+-----+--------+
         Total |   1484 |   1467 |     17 |     11 |   1212 |   2 |  742.0 |
       Dungeon |   1484 |   1467 |     17 |     11 |   1212 |   2 |  742.0 |
               +--------+--------+--------+--------+--------+-----+--------+

Top non-repeatable levels by time:
     D:1: 1253 daAuts
     D:2: 230 daAuts
